 Dungeon Crawl Stone Soup version 0.30-a0-458-g86641cc369 (webtiles) character file.

Game seed: 2116476575991740538

42 oldriver the Shooter (level 3, 0/28 HPs)
             Began as a Barachi Hexslinger on Dec 14, 2022.
             Succumbed to an adder's poison
             ... on level 2 of the Dungeon on Dec 15, 2022.
             The game lasted 00:01:42 (959 turns).

oldriver the Shooter (Barachi Hexslinger)            Turns: 959, Time: 00:01:43

Health: 0/28       AC:  3    Str: 11    XL:     3   Next: 54%
Magic:  4/4        EV: 12    Int: 13    God:
Gold:   39         SH:  0    Dex: 14    Spells: 3/4 levels left

rFire   . . .      SeeInvis .    a - +1 sling
rCold   . . .      Faith    .    (no shield)
rNeg    . . .      Spirit   .    c - +0 robe
rPois   .          Reflect  .    (no helmet)
rElec   .          Harm     .    (no cloak)
rCorr   .          Rampage  .    (no gloves)
Will    .....                    i - +0 pair of boots
Stlth   +.........               (no amulet)
HPRegen 0.24/turn                (no ring)
MPRegen 0.09/turn                (no ring)

@: brilliant, lethally poisoned (0 -> -6), unable to hop, slow
A: amphibious, slowness 1, strong legs 1, +LOS
a: Hop


You were on level 2 of the Dungeon.
You visited 1 branch of the dungeon, and saw 2 of its levels.

You collected 39 gold pieces.

Inventory:

Hand Weapons
 a - a +1 sling (weapon)
Armour
 c - a +0 robe (worn)
 i - a +0 pair of boots (worn)
Scrolls
 b - a scroll of poison
 d - a scroll of identify {unknown}
 h - a scroll of magic mapping {unknown}
Potions
 f - a potion of magic {unknown}
 g - a potion of mutation {unknown}


   Skills:
 + Level 2.4 Fighting
 * Level 3.3 Ranged Weapons
 - Level 2.1 Dodging
 - Level 1.1 Spellcasting
 - Level 3.2 Hexes


You had 3 spell levels left.
You knew the following spells:

 Your Spells              Type           Power      Damage    Failure   Level
a - Slow                  Hex            52%        N/A       8%          1

Your spell library contained the following spells:

 Spells                   Type           Power      Damage    Failure   Level
 Inner Flame              Hex/Fire       7%         N/A       38%         3
 Portal Projectile        Hex/Tloc       14%        N/A       38%         3
 Cause Fear               Hex            6%         N/A       58%         4


Dungeon Overview and Level Annotations

Branches:
Dungeon (2/15)

Altars:


Innate Abilities, Weirdness & Mutations

You are amphibious.
You cover ground slowly.
You can hop short distances.
You have an extended range of vision and can be seen from far away.


Message History

Fire: a) +1 sling
Press: ? - help, Shift-Dir - straight line, f/p - adder
Aim: an adder (severely wounded, 40% to hit)
You shoot a sling bullet. The sling bullet misses the adder.
You feel sick. The adder bites you.
* * * LOW HITPOINT WARNING * * *
Fire: a) +1 sling
Press: ? - help, Shift-Dir - straight line, f/p - adder
Aim: an adder (severely wounded, 40% to hit)
You shoot a sling bullet. The sling bullet misses the adder.
You feel sick. The adder barely misses you. The adder closely misses you.
Fire: a) +1 sling
Press: ? - help, Shift-Dir - straight line, f/p - adder
Aim: an adder (severely wounded, 40% to hit)
You shoot a sling bullet.
The sling bullet barely misses the adder.
You feel sick.
You are no longer poisoned.
The adder closely misses you. The adder bites you.
* * * LOW HITPOINT WARNING * * *
Fire: a) +1 sling
Press: ? - help, Shift-Dir - straight line, f/p - adder
Aim: an adder (severely wounded, 40% to hit)
You shoot a sling bullet.
The sling bullet hits the adder but does no damage.
The adder is severely wounded.
The adder bites you but does no damage.
Fire: a) +1 sling
Press: ? - help, Shift-Dir - straight line, f/p - adder
Aim: an adder (severely wounded, 40% to hit)
You shoot a sling bullet. The sling bullet misses the adder.
The adder bites you.
* * * LOW HITPOINT WARNING * * *
You are lethally poisoned!
The adder poisons you!
An endoplasm comes into view.
The adder bites you but does no damage.
It was a potion of brilliance.
You feel clever all of a sudden.
You die...

#######
#.....#
#(....#
#.....#
#...@.#
#.).S.#
#.......
#.##.##...
#. #)####...
. #.<.# ..J
#
###.........
###.......
#......


You could see an adder and an endoplasm (wandering).

Vanquished Creatures
  An adder (D:2)
  A ball python (D:1)
  An endoplasm (D:1)
  3 giant cockroaches (D:1)
  5 hobgoblins (D:1)
  4 quokkas (D:1)
  2 bats (D:1)
  A frilled lizard (D:1)
  6 goblins
  6 rats (D:1)
30 creatures vanquished.

Notes
Turn   | Place    | Note
-------+----------+-------------------------------------------
     0 | D:1      | oldriver the Barachi Hexslinger began the quest for the
                  | Orb.
     0 | D:1      | Reached XP level 1. HP: 15/15 MP: 2/2
   150 | D:1      | Reached XP level 2. HP: 21/21 MP: 3/3
   552 | D:1      | Reached XP level 3. HP: 22/27 MP: 4/4
   578 | D:1      | Upgraded the game from 0.30-a0-457-g4b7bca3bfa to
                  | 0.30-a0-458-g86641cc369
   959 | D:2      | Succumbed to an adder's poison

Illustrated notes

Levels and vault maps discovered:
D:1:      minmay_arrival_nine_rooms, layout_loops_ring
D:2:      layout_rooms, kennysheep_flooded_box

Skill      XL: |  1  2 |
---------------+-------+-----
Fighting       | 2 |  2.4
Ranged Weapons | 3 |  3.3
Dodging        | |  2.1
Spellcasting   | |  1.1
Hexes          | |  3.2

Action                   || total
-------------------------++-------
 Fire: Sling             ||    89
 Cast: Slow              ||     1
 Abil: Hop               ||     2
  Use: Potion            ||     1
Armor: Robe              ||    10
Dodge: Dodged            ||    36

Table legend: (Time is in decaauts)
 A = Elapsed time spent in this place.
 B = Non-inter-level travel time spent in this place.
 C = Inter-level travel time spent in this place.
 D = Time resting spent in this place.
 E = Time spent auto-exploring this place.
 F = Levels seen in this place.
 G = Mean time per level.
                   A        B        C        D        E       F      G
               +--------+--------+--------+--------+--------+-----+--------+
         Total |   1102 |   1040 |     62 |    185 |    690 |   2 |  551.0 |
       Dungeon |   1102 |   1040 |     62 |    185 |    690 |   2 |  551.0 |
               +--------+--------+--------+--------+--------+-----+--------+

Top non-repeatable levels by time:
     D:1: 1075 daAuts
     D:2: 27 daAuts
